 Dungeon Crawl Stone Soup version 0.28.0-47-ge53b351184 (webtiles) character file.

Game seed: 4532009046584160333

2961 bobregger the Fighter (level 9, -3/105 HPs)
             Began as an Ogre Berserker on May 2, 2022.
             Was a Priest of Trog.
             Slain by a gnoll
             ... wielding a +2 halberd of electrocution
              (14 damage)
             ... in a bailey.
             The game lasted 00:09:40 (5852 turns).

bobregger the Fighter (Ogre Berserker)              Turns: 5852, Time: 00:09:41

Health: -3/105     AC:  4    Str: 23    XL:     9   Next: 81%
Magic:  3/3        EV: 14    Int:  8    God:    Trog [***...]
Gold:   362        SH:  0    Dex: 18    Spells: 8/8 levels left

rFire   . . .      SeeInvis .   t - +4 flail (antimagic)
rCold   . . .      Faith    .   (no shield)
rNeg    . . .      Spirit   .   b - +0 animal skin
rPois   .          Reflect  .   q - +0 hat
rElec   .          Harm     .   B - +0 cloak
rCorr   .          Rampage  .   (gloves unavailable)
Will    ++...                   (boots unavailable)
Stlth   ++........              e - amulet of regeneration
HPRegen 2.07/turn               l - +6 ring of dexterity
MPRegen 0.08/turn               (no ring)

@: strong-willed, on berserk cooldown, regenerating, slowed, very slow
A: large, unfitting armour, tough skin 1
a: Renounce Religion, Berserk, Trog's Hand


You were in a bailey.
You worshipped Trog.
Trog was most pleased with you.
You visited 1 branch of the dungeon, and saw 7 of its levels.
You also visited: Bailey.

You collected 362 gold pieces.

Inventory:

Hand Weapons
 t - a +4 antimagic flail (weapon)
Armour
 b - a +0 animal skin (worn)
 q - a +0 hat (worn)
 B - a +0 cloak (worn)
Jewellery
 e - an amulet of regeneration (around neck)
 l - a +6 ring of dexterity (left hand)
Wands
 o - a wand of iceblast (10)
 r - a wand of flame (12)
 z - a wand of polymorph (18)
Scrolls
 c - a scroll of vulnerability
 f - 4 scrolls of teleportation
 g - a scroll of blinking
 h - a scroll of fog
 k - a scroll of silence
 m - a scroll of magic mapping
 s - a scroll of enchant armour {unknown}
 u - 2 scrolls of noise {unknown}
 w - a scroll of immolation {unknown}
 x - 2 scrolls of holy word {unknown}
 y - a scroll of acquirement {unknown}
 C - a scroll of enchant weapon {unknown}
Potions
 a - 2 potions of flight
 d - 2 potions of mutation {unknown}
 i - a potion of haste
 j - a potion of invisibility {unknown}
 n - 4 potions of curing
 p - 2 potions of magic
 v - a potion of attraction {unknown}
 A - a potion of resistance {unknown}
 D - a potion of berserk rage {unknown}


   Skills:
 * Level 11.6 Fighting
 + Level 6.3 Maces & Flails
 * Level 8.1 Dodging


You had 8 spell levels left.
You didn't know any spells.
Your spell library was empty.

Dungeon Overview and Level Annotations

Branches:
Dungeon (7/15)             Temple (0/1) D:4          Bailey (1/1)

Altars:
Elyvilon

Shops:
D:2 :*   D:4 ?   D:5 *


Innate Abilities, Weirdness & Mutations

You are too large for most types of armour.
You have tough skin. (AC +1)


Message History

You are exhausted.
You feel yourself slow down.
There is an open door, spattered with blood here.
You see here a +2 halberd of draining.
Blink to where?
Press: ? - help, Dir - move target
As you read the scroll of blinking, it crumbles to dust.
Which direction?
You close the door.
There is an open door here.
As you close the door, it creaks loudly!
There is an open door here.
Things that are here:
a +0 spear; a +0 scale mail; an orc corpse You close the door.
You start resting.
The gnoll hits you from afar with a +2 halberd of electrocution!
* * * LOW HITPOINT WARNING * * *
Okay, then.
Your skin crawls.
You feel strong-willed. The gnoll completely misses you.
You're still recovering from your berserk rage.
The gnoll closely misses you. The gnoll barely misses you.
The gnoll closely misses you.
There is a broken door here.
You sock the gnoll!
The gnoll is severely wounded.
The gnoll hits you from afar with a +2 halberd of electrocution.
* * * LOW HITPOINT WARNING * * *
The gnoll closely misses you. The gnoll misses you.
The gnoll closely misses you.
You hit the gnoll.
You kill the gnoll!
Trog accepts your kill. The gnoll barely misses you.
The gnoll hits you from afar with a +2 halberd of electrocution!
* * * LOW HITPOINT WARNING * * *
You are electrocuted!
You die...

###.....### .!.!
#)'..⌠..')# .⌠.!+
###.....### !.!.#
##.....## o.!#
##'##'##'###+ '##+
#)###.###.#g# #+# ###
#### ### ##
#.###)###.#.# #.###)#
##+##@##'# #'##'##'#
##g)...## #.....##
###.....#####.....###
#)'..⌠..'.#)'..∩..'.#
###.....#####.....###
##.....## ##.....##
##'##'##'###'##'##'##
#)###)###)')###.###∩#
### ### ##### ### ###


You could see a gnoll.

Vanquished Creatures
  An orc knight (Bailey)
  The ghost of BiteMe the Conjurer, an amateur DrCj (D:5)
  A hornet (D:4)
  Menkaure (D:6)
  Edmund (D:4)
  A water moccasin (D:7)
  An orc warrior (D:6)
  2 ice beasts
  A black bear (D:5)
  2 necrophages
  2 ogres (D:5)
  A centaur (D:5)
  2 phantoms (D:6)
  A wyvern zombie (D:5)
  2 water moccasin skeletons
  4 hounds
  A jelly (D:5)
  A bullfrog skeleton (D:6)
  An orc priest (D:6)
  A gnoll shaman (D:5)
  2 iguanas
  Ijyb (D:3)
  4 orc wizards (D:6)
  A killer bee zombie (D:6)
  A hound skeleton (D:4)
  8 adders
  10 gnolls
  A shadow imp (D:6)
  2 ufetubi (D:5)
  23 orcs
  2 endoplasms (D:2)
  3 giant cockroaches
  2 goblins
  8 hobgoblins
  8 quokkas
  4 ball pythons
  4 frilled lizards
  6 kobolds
  A quokka skeleton (D:4)
  7 rats
126 creatures vanquished.

Notes
Turn   | Place    | Note
-------+----------+-------------------------------------------
     0 | D:1      | bobregger the Ogre Berserker began the quest for the Orb.
     0 | D:1      | Reached XP level 1. HP: 24/24 MP: 1/1
   555 | D:1      | Reached XP level 2. HP: 31/32 MP: 2/2
  1168 | D:2      | Found Zipliaggec's Assorted Antiques.
  1327 | D:2      | Found Daach's Book Shoppe.
  1345 | D:2      | Reached XP level 3. HP: 40/40 MP: 3/3
  1395 | D:2      | Reached ** piety under Trog
  1470 | D:2      | Found a faded altar of an unknown god.
  1705 | D:3      | Reached XP level 4. HP: 44/49 MP: 4/4
  1743 | D:3      | Noticed Ijyb
  1758 | D:3      | Killed Ijyb
  1759 | D:3      | Reached skill level 5 in Fighting
  2011 | D:3      | Reached XP level 5. HP: 56/57 MP: 5/5
  2124 | D:3      | Found a white marble altar of Elyvilon.
  2311 | D:4      | Found a staircase to the Ecumenical Temple.
  2321 | D:4      | Identified the +8 rapier "Nudghef" {elec, Str+5 Dex+4}
  2395 | D:4      | Noticed a necrophage
  2405 | D:4      | Killed a necrophage
  2406 | D:4      | Reached skill level 6 in Fighting
  2406 | D:4      | Reached XP level 6. HP: 67/67 MP: 6/6
  2461 | D:4      | Noticed a hornet
  2463 | D:4      | Paralysed by a hornet for 1 turns
  2468 | D:4      | Killed a hornet
  2586 | D:4      | Noticed Edmund
  2598 | D:4      | Killed Edmund
  2599 | D:4      | Reached skill level 7 in Fighting
  2599 | D:4      | Reached XP level 7. HP: 78/78 MP: 0/7
  2690 | D:4      | Found Ror Hest's Magic Scroll Boutique.
  2762 | D:4      | Reached skill level 5 in Dodging
  2876 | D:4      | Found a glowing drain.
  3340 | D:5      | Entered Level 5 of the Dungeon
  3340 | D:5      | Found Tiocif's General Store.
  3464 | D:5      | Reached skill level 8 in Fighting
  3476 | D:5      | Reached XP level 8. HP: 88/88 MP: 2/8
  3553 | D:5      | Reached skill level 5 in Maces & Flails
  3663 | D:5      | Reached skill level 9 in Fighting
  3773 | D:5      | Found a large runed translucent door.
  3773 | D:5      | Found a large runed translucent door.
  4264 | D:5      | Noticed BiteMe's ghost (amateur DrCj)
  4278 | D:5      | Killed BiteMe's ghost
  4345 | D:6      | Noticed Menkaure
  4358 | D:6      | Killed Menkaure
  4406 | D:6      | Reached skill level 10 in Fighting
  4406 | D:6      | Reached XP level 9. HP: 37/101 MP: 3/9
  4920 | D:6      | Reached *** piety under Trog
  5490 | D:7      | Reached skill level 11 in Fighting
  5545 | D:7      | Found a flagged portal.
  5584 | Bailey   | Entered a bailey
  5818 | Bailey   | Noticed an orc knight
  5833 | Bailey   | Killed an orc knight
  5833 | Bailey   | HP: 7/148 [gnoll/+2 halberd of electrocution (11)]
  5852 | Bailey   | Slain by a gnoll

Illustrated notes

Levels and vault maps discovered:
D:1:      dpeg_arrival_chambers_temple_mockup, layout_loops_corners
D:2:      layout_rooms, hellmonk_ecumenical_altar_pennies_from_heaven,
          serial_shops, nicolae_shop_behind_doors,
          nicolae_shop_overgrown_old_shop
D:3:      layout_rooms, kennysheep_flooded_box, uniq_ijyb
D:4:      minmay_inner_zag, layout_loops_ring, minmay_temple_entry_junction,
          serial_shops, nicolae_stop_n_shop_2, gup_sewer_entry_spiral,
          nicolae_elevator_lobby_asterisk, uniq_edmund
D:5:      kennysheep_spiral_hall, layout_basic, ebering_ghost_disaster_area,
          nicolae_stop_n_shop_1
D:6:      layout_basic, serial_curves, eino_curves_01, eino_curves_02,
          kennysheep_generic_room_2, uniq_menkaure
D:7:      layout_cave_pools, enter_bailey_4, uniq_crazy_yiuf_cottage,
          uniq_joseph
Bailey:   bailey_polearm_nasty_gnolls, bailey

Skill      XL: |  1  2  3  4  5  6  7  8  9 |
---------------+----------------------------+-----
Maces & Flails | 3 4 5 6 |  6.3
Dodging        | 3 4 5 6 8 |  8.1
Fighting       | 5 6 7 8 10 11 | 11.6

Action                   |  1- 3 |  4- 6 |  7- 9 || total
-------------------------+-------+-------+-------++-------
Melee: Mace              |   105 |    94 |       ||   199
       Punch             |     2 |     3 |     4 ||     9
       Flail             |       |       |   228 ||   228
Invok: Berserk           |     1 |     4 |     7 ||    12
       Trog's Hand       |     1 |       |     3 ||     4
  Use: Scroll            |       |       |     9 ||     9
       Potion            |       |       |     2 ||     2
 Stab: Sleeping          |     1 |     2 |     8 ||    11
Armor: Animal skin       |    38 |    22 |    38 ||    98
Dodge: Dodged            |    68 |    59 |   207 ||   334
